 Dungeon Crawl Stone Soup version 0.18.1-8-gdd0e5ea (webtiles) character file.

624 namelastname112 the Conjurer (level 7, -1/57 HPs)
             Began as a White Draconian Wizard on May 22, 2016.
             Slain by a scorpion (6 damage)
             ... on level 5 of the Dungeon.
             The game lasted 00:06:37 (4337 turns).

namelastname112 the Conjurer (DrWz)                 Turns: 4337, Time: 00:06:37

Health: -1/57      AC:  7    Str:  6    XL:     7   Next: 22%
Magic:  0/13       EV: 13    Int: 20    God:
Gold:   121        SH:  0    Dex: 10    Spells: 4 memorised, 5 levels left

rFire  . . .     SeeInvis .     g - +1 dagger (venom)
rCold  + . .     Gourm    .     (armour unavailable)
rNeg   . . .     Faith    .     (no shield)
rPois  .         Spirit   .     a - +0 hat
rElec  .         Dismiss  .     (no cloak)
rCorr  .         Reflect  .     (no gloves)
SustAt .         Harm     +     j - +0 pair of boots
MR     .....                    C - amulet of harm
Stlth  +.........               (no ring)
                                A - -3 ring of strength (curse)

@: confused, lethally poisoned (-1 -> -17), short of breath, flying, very
slightly contaminated, not resistant to hostile enchantments, very unstealthy
A: breathe frost, unfitting armour, cold resistance 1, cold-blooded, AC +6
a: Breathe Frost


You were on level 5 of the Dungeon.
You were near starving.

You visited 1 branch of the dungeon, and saw 5 of its levels.

You collected 121 gold pieces.

Inventory:

Hand Weapons
 g - a +1 dagger of venom (weapon)
Armour
 a - a +0 hat (worn)
 j - a +0 pair of boots (worn)
Jewellery
 A - a cursed -3 ring of strength (left hand)
 C - an amulet of harm (around neck)
Wands
 z - a wand of digging (0/24)
Scrolls
 e - 2 scrolls of magic mapping {unknown}
 h - 3 scrolls of enchant weapon {unknown}
 l - 5 scrolls of blinking {unknown}
 m - 2 scrolls of fog {unknown}
 n - 3 scrolls of remove curse {unknown}
 p - 2 scrolls of noise {unknown}
 u - a scroll of enchant armour {unknown}
 w - a scroll of fear {unknown}
 x - a scroll of teleportation {unknown}
 y - a scroll of identify {unknown}
Potions
 f - a potion of might {unknown}
 k - a potion of degeneration {unknown}
 o - a potion of berserk rage {unknown}
 q - a potion of heal wounds {unknown}
 s - a potion of resistance {unknown}
 t - a potion of invisibility {unknown}
 v - a potion of cure mutation {unknown}
Books
 b - a book of Minor Magic

   Spells                             Type                      Level
   a - Magic Dart                     Conjuration                  1
   b - Blink                          Translocation                2
   c - Call Imp                       Summoning                    2
   d - Repel Missiles                 Charms/Air                   2
   e - Slow                           Hexes                        2
   f - Conjure Flame                  Conjuration/Fire             3
   g - Mephitic Cloud                 Conjuration/Poison/Air       3
Comestibles
 c - 4 bread rations
 i - 2 slices of pizza
 r - 2 fruits
 B - a meat ration


   Skills:
 + Level 3.4 Fighting
 + Level 3.6 Dodging
 - Level 1.7 Stealth
 + Level 4.3 Spellcasting
 * Level 5.0 Conjurations
   Level 1.0 Summonings
 - Level 1.0 Translocations


You had 5 spell levels left.
You knew the following spells:

 Your Spells              Type           Power        Failure   Level  Hunger
c - Conjure Flame         Conj/Fire      ##......     14%         3    ###....
s - Mephitic Cloud        Conj/Pois/Air  ##......     21%         3    ###....
x - Blink                 Tloc           N/A          14%         2    #......
z - Magic Dart            Conj           ###.         1%          1    None


Dungeon Overview and Level Annotations

Branches:
Dungeon (5/15)
 Temple: D:4-7

Altars:
Cheibriados
Xom


Innate Abilities, Weirdness & Mutations

You can breathe waves of freezing cold.
You can buffet flying creatures when you breathe cold.
Your icy white scales are hard (AC +6).
Your body does not fit into most forms of armour.
Your flesh is cold resistant.
You are cold-blooded and may be slowed by cold attacks.


Message History

* * * LOW HITPOINT WARNING * * *
You feel less confused.
You feel sick.
The scorpion is engulfed in noxious fumes.
The scorpion appears confused.
The scorpion stings you.
* * * LOW HITPOINT WARNING * * *
You are more poisoned.
The scorpion poisons you!
You take 5 damage, and have 8/57 hp.
Drink which item? (? for menu, Esc to quit)
It was a potion of flight.
You feel very buoyant.
You fly up into the air.
You are engulfed in noxious fumes.
You choke on the stench!
You are confused.
* * * LOW HITPOINT WARNING * * *
x2 You feel sick.
The scorpion is engulfed in noxious fumes.
The scorpion appears confused.
The scorpion stings you.
You die...

#........#........#..
###....#####.######.#.#
#......# #.# #.# #......# #.#
#.# #....#.# #.# ####.#.#
#....#s# #.# ....#.# ####.#c#
#.#.##...#.# #.#s# #.#....#..
#.#@# #.#....#..
#######.#(>.....#.#....#..
#.......#########.#....#..
#..)......<...).#.#....#..
####......########.#.#.#.##..
#.........########.#[#.._....
#.........#........).#.#.#...
#.....<...#..........#....#..
#.........#......>...##.....#


You could see a centaur, a scorpion (confused) and a giant cockroach.

Vanquished Creatures
  2 ogres
  A phantom (D:5)
  A jelly (D:5)
  A giant frog skeleton (D:3)
  A hound (D:5)
  A worker ant (D:4)
  Natasha (thrice) (D:4)
  4 gnolls (D:3)
  4 adders
  A shadow imp (D:5)
  4 oozes
  An adder zombie (D:5)
  5 worms
  3 dart slugs
  2 giant geckos
  6 orcs
  3 giant cockroaches
  6 goblins
  3 hobgoblins
  8 kobolds
  2 ball pythons (D:4)
  4 bats
  3 giant newts
  5 rats
74 creatures vanquished.

Notes
Turn   | Place    | Note
--------------------------------------------------------------
     0 | D:1      | namelastname112 the Draconian Wizard began the quest for the Orb.
     0 | D:1      | Reached XP level 1. HP: 14/14 MP: 4/4
   198 | D:1      | Reached XP level 2. HP: 19/22 MP: 1/6
   281 | D:1      | Reached skill level 1 in Fighting
   488 | D:2      | Reached skill level 2 in Conjurations
   488 | D:2      | Reached XP level 3. HP: 26/28 MP: 1/7
   492 | D:2      | Learned a level 2 spell: Blink
   496 | D:2      | Learned a level 3 spell: Mephitic Cloud
   855 | D:2      | Found a snail-covered altar of Cheibriados.
  1799 | D:3      | Reached XP level 4. HP: 36/36 MP: 4/8
  1927 | D:3      | Learned a level 3 spell: Conjure Flame
  2142 | D:3      | Reached skill level 3 in Conjurations
  2177 | D:3      | Reached XP level 5. HP: 17/41 MP: 2/10
  2560 | D:4      | Noticed an ogre
  2601 | D:4      | Killed an ogre
  2900 | D:4      | Noticed Natasha
  2904 | D:4      | Killed Natasha
  2904 | D:4      | Reached XP level 6. HP: 50/50 MP: 5/11
  2976 | D:4      | Noticed Natasha
  2986 | D:4      | Killed Natasha
  3045 | D:4      | epen: ??suicide
  3045 | D:4      | namelastname112: лол
  3045 | D:4      | namelastname112: не туда пишешь
  3199 | D:4      | Reached skill level 4 in Conjurations
  3224 | D:4      | Noticed Natasha
  3231 | D:4      | Killed Natasha
  3318 | D:4      | beem: I don't have a page labeled suicide in my learndb.
  3409 | D:5      | Entered Level 5 of the Dungeon
  3668 | D:5      | Found a shimmering altar of Xom.
  3962 | D:5      | Your scales start taking on an icy white colour.
  3962 | D:5      | Reached XP level 7. HP: 45/57 MP: 0/13
  3962 | D:5      | Gained mutation: Your flesh is cold resistant. [White Draconian growth]
  4070 | D:5      | Reached skill level 5 in Conjurations
  4337 | D:5      | Slain by a scorpion

Skill      XL: |  1  2  3  4  5  6  7 |
---------------+----------------------+-----
Dodging        | 2 3 |  3.6
Fighting       | 1 2 3 |  3.4
Conjurations   | 2 3 4 5 |  5.0
Spellcasting   | 4 |  4.3
Stealth        | |  1.7
Summonings     | |  1.0
Translocations | |  1.0

Action                   |  1- 3 |  4- 6 |  7- 9 || total
-------------------------+-------+-------+-------++-------
Melee: Dagger            |    44 |    53 |     4 ||   101
       Unarmed           |     2 |       |       ||     2
       Tailslap          |     7 |    10 |     1 ||    18
 Cast: Magic Dart        |    61 |   101 |     9 ||   171
       Mephitic Cloud    |       |     6 |     1 ||     7
       Blink             |       |     2 |     1 ||     3
       Conjure Flame     |       |     1 |       ||     1
 Abil: Breathe Frost     |       |       |     1 ||     1
  Use: Potion            |       |       |     1 ||     1
 Stab: Sleeping          |     1 |     2 |       ||     3
       Confused          |       |     2 |       ||     2
  Eat: Chunk             |     2 |     7 |       ||     9
       Fruit             |       |       |     1 ||     1
Armor: Skin              |    12 |    14 |     3 ||    29
Dodge: Dodged            |    39 |    45 |    14 ||    98
